 Dungeon Crawl Stone Soup version 0.29.1-1-gd02db6906a (webtiles) character file.

Game seed: 2787095852052452647

49 groovy9 the Magician (level 4, -17/33 HPs)
             Began as a Djinni Fire Elementalist on Sept 26, 2022.
             Killed from afar by Terence (19 damage)
             ... with a bolt of light
             ... on level 2 of the Dungeon.
             The game lasted 00:05:05 (2000 turns).

groovy9 the Magician (Djinni Fire Elementalist)     Turns: 2000, Time: 00:05:06

Health: -17/33     AC:  2    Str:  7    XL:     4   Next: 2%
Gold:   35         EV: 12    Int: 19    God:
                   SH:  0    Dex: 13

rFire   + + .      SeeInvis .   j - +1 dagger (venom)
rCold   x . .      Faith    .   (no shield)
rNeg    . . .      Spirit   .   a - +0 robe
rPois   ∞          Reflect  .   (no helmet)
rElec   .          Harm     .   (no cloak)
rCorr   .          Rampage  .   (no gloves)
Will    .....                   (boots unavailable)
Stlth   +.........              (no amulet)
HPRegen 0.11/turn               (no ring)
MPRegen 0.00/turn               (no ring)

@: confused, flying, very slightly contaminated
A: sickness immunity, fire resistance 2, cold vulnerability 1, float, innate
caster, HP casting, extra vitality 1
a: no special abilities


You were on level 2 of the Dungeon.
You visited 1 branch of the dungeon, and saw 2 of its levels.

You collected 35 gold pieces.

Inventory:

Hand Weapons
 j - a +1 dagger of venom (weapon)
Armour
 a - a +0 robe (worn)
Scrolls
 c - a scroll of blinking {unknown}
 f - a scroll of identify {unknown}
 g - a scroll of enchant weapon {unknown}
 h - a scroll of immolation {unknown}
 i - a scroll of magic mapping {unknown}
 m - a scroll of teleportation {unknown}
Potions
 d - a potion of haste {unknown}
 e - a potion of heal wounds {unknown}
 k - a potion of degeneration {unknown}
 l - a potion of lignification {unknown}


   Skills:
 + Level 2.1 Fighting
 - Level 2.1 Dodging
 - Level 1.5 Stealth
 + Level 3.1 Spellcasting


You couldn't memorise any spells.
You knew the following spells:

 Your Spells              Type           Power      Damage    Failure   Level
a - Foxfire               Conj/Fire      56%        2x1d6     4%          1
b - Scorch                Fire           28%        2d6       6%          2
c - Conjure Flame         Conj/Fire      14%        6-21      13%         3
d - Inner Flame           Hex/Fire       14%        N/A       13%         3
e - Flame Wave            Conj/Fire      14%        2d6       38%         4
f - Magic Dart            Conj           56%        1d5       4%          1
Your spell library was empty.

Dungeon Overview and Level Annotations

Branches:
Dungeon (2/15)

Altars:

Annotations:
D:2 Terence


Innate Abilities, Weirdness & Mutations

You are immune to sickness and miasma.
You are immune to poison.
Your flesh is very heat resistant. (rF++)
You are vulnerable to cold. (rC-)
You float through the air rather than walking.
You learn spells naturally, not from books.
Your magical power is your life essence.
You have superior vitality. (+4 MHP)


Message History

The foxfire hits Terence but does no damage.
Terence is heavily wounded.
You conjure some foxfire!
The foxfire hits Terence but does no damage.
Terence is heavily wounded.
The foxfire hits Terence but does no damage.
Terence is heavily wounded.
Terence zaps a wand.
The bolt of light hits you. The bolt of light hits your foxfire!
You are too injured to fight recklessly!
Unknown command.
Casting: Foxfire (safe; 4% risk of failure)
Press: ? - help, Q - select action, (/) - cycle Dir - look around, f - activate You miscast Foxfire.
You are very lightly contaminated with residual magic.
Nothing appears to happen.
The foxfire hits Terence but does no damage.
Terence is heavily wounded.
Terence bares his teeth.
Terence zaps a wand.
The bolt of light hits you!!
Ouch! That really hurt!
* * * LOW HITPOINT WARNING * * *
Okay, then.
Okay, then.
Okay, then.
Casting: Foxfire (safe; 4% risk of failure)
Confirm with . or Enter, or press ? or * to list all spells.
Flames lash Terence but do no damage.
* * * LOW HITPOINT WARNING * * *
Terence shouts, "Now you die!"
Terence zaps a wand.
The bolt of light misses you.
Casting: Scorch (safe; 6% risk of failure)
Confirm with . or Enter, or press ? or * to list all spells.
You don't have enough health to cast this spell.
It was a potion of flight.
You feel more buoyant.
Terence zaps a wand.
The bolt of light hits you!!
You are confused.
Ouch! That really hurt!
You die...

#.##....P..# #########
#.#..PP)♣..##### #...)...#
#.#...P........# #.#####.#
#.#......#####.# #.# #(#
#......### ####.#####.#
#.......#### .#
#..........###..........# .#
#.#..#.###.##........##.# .#
.....#.# #.#....@...###.###.#
#.#..#.###.##...@...........#
#.#...............#.........#
#.#..#####.###.####.###.###.#
#.#..#####.# #.# #. #.....#
#.#........# #)# #. ####..#
#.##.####### ... #..# .....#
... #.######..# #.##.## .....
#.........#


You could see Terence.

Vanquished Creatures
  An adder (D:2)
  2 worms (D:2)
  2 endoplasms
  A giant cockroach (D:1)
  4 goblins (D:1)
  A hobgoblin (D:1)
  A quokka (D:1)
  7 ball pythons
  4 bats
  3 frilled lizards (D:1)
  7 kobolds
  6 rats (D:1)
39 creatures vanquished.

Vanquished Creatures (others)
  104 foxfires
104 creatures vanquished.

Grand Total: 143 creatures vanquished

Notes
Turn   | Place    | Note
-------+----------+-------------------------------------------
     0 | D:1      | groovy9 the Djinni Fire Elementalist began the quest for
                  | the Orb.
     0 | D:1      | groovy9 set off with the following spells memorised:
                  | Foxfire, Scorch, Conjure Flame, Inner Flame, Flame Wave.
     0 | D:1      | Reached XP level 1. HP: 15/15 MP: 0/0
   455 | D:1      | Reached XP level 2. HP: 22/22 MP: 0/0
   456 | D:1      | Reached skill level 1 in Fighting
   855 | D:1      | Reached XP level 3. HP: 25/27 MP: 0/0
   855 | D:1      | Learned a level 1 spell: Magic Dart
  1484 | D:2      | Reached skill level 3 in Spellcasting
  1889 | D:2      | Reached XP level 4. HP: 32/33 MP: 0/0
  1989 | D:2      | Noticed Terence
  2000 | D:2      | Killed from afar by Terence

Illustrated notes

Levels and vault maps discovered:
D:1:      nicolae_arrival_memento_mori, layout_loops_ring
D:2:      layout_loops_corners, hellmonk_ecumenical_altar_heavens_door,
          serial_park_tiny_2, uniq_terence

Skill      XL: |  1  2  3 |
---------------+----------+-----
Fighting       | 1 2 |  2.1
Spellcasting   | 3 |  3.1
Dodging        | |  2.1
Stealth        | |  1.5

Action                   |  1- 3 |  4- 6 || total
-------------------------+-------+-------++-------
Melee: Dagger            |     1 |       ||     1
 Cast: Foxfire           |    57 |     7 ||    64
       Scorch            |       |     1 ||     1
  Use: Potion            |       |     1 ||     1
Armor: Robe              |     1 |       ||     1
Dodge: Dodged            |     7 |     1 ||     8
